 Dungeon Crawl Stone Soup version 0.28.0-45-g0d030f2227 (webtiles) character file.

Game seed: 10228422925231241620

74 issech the Cudgeller (level 4, -9/44 HPs)
             Began as a Troll Monk on Apr 2, 2022.
             Mangled by Sigmund
             ... wielding a +0 scythe
              (16 damage)
             ... on level 3 of the Dungeon.
             The game lasted 00:05:35 (1552 turns).

issech the Cudgeller (Troll Monk)                   Turns: 1552, Time: 00:05:36

Health: -9/44      AC:  4    Str: 19    XL:     4   Next: 9%
Magic:  0/3        EV: 10    Int:  6    God:
Gold:   84         SH:  0    Dex: 14    Spells: 3/3 levels left

rFire   . . .      SeeInvis .   a - +0 mace
rCold   . . .      Faith    .   (no shield)
rNeg    . . .      Spirit   +   b - +0 robe
rPois   +          Reflect  .   (helmet restricted)
rElec   .          Harm     .   (no cloak)
rCorr   .          Rampage  .   (gloves unavailable)
Will    .....                   (boots unavailable)
Stlth   ++........              p - amulet of guardian spirit
HPRegen 0.94/turn               n - ring of poison resistance
MPRegen 0.08/turn               (no ring)

@: no status effects
A: large, unfitting armour, claws 3, regeneration 1, shaggy fur 1, tough skin 1
a: no special abilities


You were on level 3 of the Dungeon.
You visited 1 branch of the dungeon, and saw 3 of its levels.

You collected 84 gold pieces.

Inventory:

Hand Weapons
 a - a +0 mace (weapon)
 j - a +0 hunting sling
 k - a +1 short sword of holy wrath
Missiles
 i - a datura-tipped dart (quivered)
 l - 72 stones
 m - 24 sling bullets
 r - 20 arrows
Armour
 b - a +0 robe (worn)
Jewellery
 n - a ring of poison resistance (left claw)
 p - an amulet of guardian spirit (around neck)
Scrolls
 d - a scroll of noise {unknown}
 e - a scroll of magic mapping {unknown}
 t - a scroll of identify {unknown}
Potions
 c - 2 potions of mutation {unknown}
 f - a potion of flight {unknown}
 g - a potion of haste {unknown}
 o - a potion of curing {unknown}
 q - a potion of brilliance {unknown}
 s - 2 potions of cancellation {unknown}


   Skills:
 + Level 2.8 Fighting
 + Level 3.7 Maces & Flails
 + Level 0.1 Throwing
 + Level 2.8 Dodging
 + Level 1.1 Stealth


You had 3 spell levels left.
You didn't know any spells.
Your spell library was empty.

Dungeon Overview and Level Annotations

Branches:
Dungeon (3/15)

Altars:

Annotations:
D:3 Sigmund


Innate Abilities, Weirdness & Mutations

You are too large for most types of armour.
You have claws for hands.
Your natural rate of healing is unusually fast.
You are covered in fur. (AC +1)
You have tough skin. (AC +1)


Message History

The javelin pierces through the frilled lizard.
You kill the frilled lizard!
h - 2 javelins (gained 1)
You see here a frilled lizard corpse.
h - 3 javelins (gained 1)
You see here a frilled lizard corpse.
t - a scroll labelled BIGHUO VOGG Sigmund the Dreaded comes into view.
He is wielding a +0 scythe and wearing a +1 robe of willpower.
You throw a javelin.
The javelin pierces through Sigmund but does no damage.
Sigmund shouts!
You throw a javelin. The javelin pierces through Sigmund.
Sigmund is lightly wounded.
Sigmund points at you and mumbles some strange words.
The magic dart hits you.
You throw a javelin. The javelin pierces through Sigmund!
Sigmund is heavily wounded.
You throw a datura-tipped dart.
The datura-tipped dart barely misses Sigmund.
Sigmund barely misses you.
You throw a datura-tipped dart. The datura-tipped dart hits Sigmund.
Sigmund flies into a frenzy!
Sigmund is heavily wounded.
Sigmund closely misses you. Sigmund closely misses you.
You barely miss Sigmund.
Sigmund is heavily wounded.
Sigmund barely misses you.
You hit Sigmund.
Sigmund is heavily wounded.
Sigmund barely misses you.
You sock Sigmund!
Sigmund is severely wounded.
Sigmund hits you with a +0 scythe!
You hit Sigmund but do no damage.
Sigmund is severely wounded.
Sigmund hits you with a +0 scythe! x2
* * * LOW HITPOINT WARNING * * *
Sigmund hits you from afar with a +0 scythe!
You die...

#. ... #.
#.######+# #.
#.#.@.@(.# #.
#.#.####.# #.
#.....# .#
#.##.#.#......
#......####.(.
#..#..## ..#.
#.....# .....
#####.##†# .((
.. #.....##.#


You could see the neutral Sigmund (fast, strong, insane).

Vanquished Creatures
  An adder (D:2)
  3 dart slugs
  6 ball pythons
  3 endoplasms
  4 giant cockroaches
  8 goblins
  2 hobgoblins (D:1)
  5 jackals (D:1)
  8 kobolds
  4 bats
  5 frilled lizards
  7 rats
56 creatures vanquished.

Notes
Turn   | Place    | Note
-------+----------+-------------------------------------------
     0 | D:1      | issech the Troll Monk began the quest for the Orb.
     0 | D:1      | Reached XP level 1. HP: 22/22 MP: 0/0
    95 | D:1      | Reached XP level 2. HP: 27/29 MP: 1/1
   168 | D:1      | Reached skill level 3 in Maces & Flails
   353 | D:1      | Reached XP level 3. HP: 36/36 MP: 2/2
  1165 | D:2      | Reached XP level 4. HP: 39/44 MP: 3/3
  1538 | D:3      | Noticed Sigmund
  1552 | D:3      | Mangled by Sigmund

Illustrated notes

Levels and vault maps discovered:
D:1:      heliophobic_arrival_battle_scene, layout_loops_ring,
          minmay_tetromino_i4
D:2:      layout_basic
D:3:      layout_basic, kennysheep_generic_room_2, uniq_sigmund

Skill      XL: |  1  2 |
---------------+-------+-----
Maces & Flails | 3 |  3.7
Fighting       | |  2.8
Throwing       | |  0.1
Dodging        | |  2.8
Stealth        | |  1.1

Action                   |  1- 3 |  4- 6 || total
-------------------------+-------+-------++-------
Melee: Mace              |   158 |     4 ||   162
       Punch             |     1 |       ||     1
Throw: Javelin           |    10 |    11 ||    21
       Dart              |       |     2 ||     2
 Stab: Sleeping          |     4 |       ||     4
Armor: Robe              |    68 |       ||    68
Dodge: Dodged            |    96 |     5 ||   101
